 Dungeon Crawl Stone Soup version 0.23.2-1-ga50397a (webtiles) character file.

Game seed: 1155603747153175733

87887 prestonbroadus the Martial Artist (level 15, 0/115 HPs)
             Began as a Demonspawn Monk on May 7, 2019.
             Was the Champion of Okawaru.
             Slain by a shambling mangrove (9 damage)
             ... on level 3 of the Swamp.
             The game lasted 01:53:58 (31269 turns).

prestonbroadus the Martial Artist (DsMo)           Turns: 31269, Time: 01:53:59

Health: 0/115      AC: 20    Str: 20 (21) XL:     15   Next: 45%
Magic:  21/22      EV: 25    Int: 13 (14) God:    Okawaru [******]
Gold:   955        SH: 16    Dex: 28      Spells: 10/24 levels left

rFire    . . .     SeeInvis .     - Unarmed
rCold    + . .     Gourm    .   D - +2 shield {rPois}
rNeg     . . .     Faith    .   n - +4 acid dragon scales
rPois    +         Spirit   .   Y - +2 hat {Int+3}
rElec    .         Reflect  .   N - scarf {cloud immunity}
rCorr    +         Harm     .   P - +2 pair of gloves {Dex+3}
MR       ++...                  Z - +1 pair of boots {Stlth+}
Stlth    +++++++...             q - amulet of regeneration
HPRegen  0.69/turn              E - +3 ring of evasion
MPRegen  0.18/turn              y - ring of the Ego {rPois Str+4 Dex+4 Stlth+}

@: heroism, grasped by roots, slowed, constricted, very slow
A: antennae 1, talons 1, thin skeletal structure 2, cold resistance 1, demonic
guardian 2, deterioration 1, foul stench 1, magic resistance 1, rot immunity
a: Heroism, Finesse, Renounce Religion


You were on level 3 of the Swamp.
You worshipped Okawaru.
Okawaru was exalted by your worship.
You were very hungry.

You visited 5 branches of the dungeon, and saw 27 of its levels.
You also visited: Sewer, Ossuary and Gauntlet.

You collected 3063 gold pieces.
You spent 2108 gold pieces at shops.

Inventory:

Missiles
 a - 5 javelins of penetration
 f - 193 arrows
 i - 6 poisoned tomahawks (quivered)
 s - 2 throwing nets
 C - 26 tomahawks
 L - 5 poisoned javelins
 R - 3 javelins
 S - 7 tomahawks of dispersal
 V - 15 silver javelins
Armour
 n - +4 acid dragon scales (worn)
 w - a +0 buckler
 D - a +2 shield of poison resistance (worn)
 N - a scarf of cloud immunity (worn)
 P - a +2 pair of gloves of dexterity (worn)
 X - a +1 large shield of fire resistance
 Y - a +2 hat of intelligence (worn)
 Z - a +1 pair of boots of stealth (worn)
Jewellery
 q - an amulet of regeneration (around neck)
 u - an uncursed ring of protection from fire
 y - the ring of the Ego (right hand) {rPois Str+4 Dex+4 Stlth+}
   (You acquired it on level 2 of the Orcish Mines)

   [ring of poison resistance]

   It affects your strength (+4).
   It affects your dexterity (+4).
   It protects you from poison.
   It makes you more stealthy.
 E - a +3 ring of evasion (left hand)
 F - an uncursed ring of protection from cold
 G - an uncursed ring of protection from magic
 I - an uncursed ring of see invisible
 W - the ring "Ocoty" {rElec Int+2 Dex+6}
   (You found it on level 6 of the Lair of Beasts)

   [ring of intelligence]

   It affects your intelligence (+2).
   It affects your dexterity (+6).
   It insulates you from electricity.
Wands
 d - a wand of iceblast (11)
 r - a wand of enslavement (8)
 v - a wand of digging (4)
 B - a wand of polymorph (9)
 Q - a wand of flame (7)
 T - a wand of acid (7)
Scrolls
 g - 2 scrolls of fog
 h - 7 scrolls of teleportation
 k - a scroll of immolation
 l - a scroll of magic mapping
 m - a scroll of fear
 A - 6 scrolls of remove curse
 K - 2 scrolls of identify
 O - a scroll of acquirement
 U - 2 scrolls of blinking
Potions
 c - 4 potions of mutation
 e - 8 potions of curing
 j - 2 potions of agility
 o - 10 potions of might
 p - 3 potions of brilliance
 t - 4 potions of heal wounds
 x - 2 potions of ambrosia
 z - 3 potions of flight
 H - 7 potions of haste
 J - a potion of magic
 M - a potion of resistance
Comestibles
 b - 30 rations


   Skills:
 - Level 9.6(14.6) Fighting
 - Level 10.0(15.0) Throwing
 * Level 4.9(9.9) Armour
 - Level 7.9(12.9) Dodging
 - Level 2.1(7.1) Stealth
 * Level 6.8(11.8) Shields
 - Level 14.1(19.1) Unarmed Combat
 - Level 5.0 Spellcasting
 - Level 3.1 Translocations
 * Level 9.6 Transmutations
 - Level 8.1 Invocations
 - Level 4.1 Evocations


You had 10 spell levels left.
You knew the following spells:

 Your Spells              Type           Power        Failure   Level  Hunger
a - Blink                 Tloc           N/A          14%         2    ##.....
b - Apportation           Tloc           ##....       10%         1    None
c - Ice Form              Ice/Tmut       ###.....     43%         4    ####...
d - Sticks to Snakes      Tmut           ####....     1%          2    ##.....
e - Blade Hands           Tmut           ####......   19%         5    ######.

Your spell library contained the following spells:

 Spells                   Type           Power        Failure   Level  Hunger
 Beastly Appendage        Tmut           ####..       1%          1    None
 Spider Form              Tmut/Pois      ###.......   14%         3    ###....
 Gell's Gravitas          Tloc           ##........   28%         3    ###....
 Confusing Touch          Hex            #.....       34%         1    None
 Flame Tongue             Conj/Fire      #....        34%         1    None
 Freeze                   Ice            #...         34%         1    None
 Magic Dart               Conj           #...         34%         1    None
 Petrify                  Tmut/Erth      ###.....     43%         4    ####...
 Call Imp                 Summ           #.......     45%         2    ##.....
 Slow                     Hex            #.......     45%         2    ##.....
 Throw Flame              Conj/Fire      #.....       45%         2    ##.....
 Throw Frost              Conj/Ice       #.....       45%         2    ##.....
 Passage of Golubria      Tloc           N/A          67%         4    ####...
 Confuse                  Hex            #.......     71%         3    ###....
 Conjure Flame            Conj/Fire      #.......     71%         3    ###....
 Inner Flame              Hex/Fire       #.......     71%         3    ###....
 Mephitic Cloud           Conj/Pois/Air  #.......     71%         3    ###....
 Ozocubu's Armour         Chrm/Ice       #.......     71%         3    ###....
 Static Discharge         Conj/Air       #.......     71%         3    ###....
 Yara's Violent Unravell  Hex/Tmut       ###.......   78%         5    ######.
 Sticky Flame             Conj/Fire      #.......     98%         4    ####...
 Summon Ice Beast         Ice/Summ       #.......     98%         4    ####...
 Throw Icicle             Conj/Ice       #.......     98%         4    ####...
 Fireball                 Conj/Fire      #.........   100%        5    ######.
 Lightning Bolt           Conj/Air       #.........   100%        5    ######.
 Metabolic Englaciation   Hex/Ice        #.........   100%        5    ######.
 Malign Gateway           Summ/Tloc      #.........   100%        7    #######
 Controlled Blink         Tloc           N/A          100%        8    #######
 Ignition                 Fire           #.........   100%        8    #######
 Shatter                  Erth           #.........   100%        9    #######
 Tornado                  Air            #.........   100%        9    #######


Dungeon Overview and Level Annotations

Branches:
Dungeon (15/15)            Temple (1/1) D:7            Lair (6/6) D:8
  Swamp (3/4) Lair:4        Snake (0/4) Lair:2        Slime (0/5) Lair:5
    Orc (2/2) D:11            Elf (0/3) Orc:2        Vaults (0/5) D:14
 Depths (0/5) D:15

Altars:
Ashenzari
Cheibriados
Dithmenos
Elyvilon
Fedhas
Gozag
Hepliaklqana
Kikubaaqudgha
Makhleb
Nemelex Xobeh
Okawaru
Qazlal
Ru
Sif Muna
Trog
Uskayaw
Vehumet
Wu Jian
Xom
Yredelemnul
Zin
The Shining One
Jiyva

Shops:
D:6 !   Orc:1 !   Orc:2 :*(*!

Portals:
Trove: D:12 (give 9 potions of agility)

Annotations:
D:3 Grinder
D:10 3 runed translucent doors, 1 exclusion, doot's ghost, novice TrTm
D:11 2 transporters, Karim's ghost, journeyman OgWz
D:15 2 transporters, shugdite's ghost, adept MiMo
Lair:6 1 runed translucent door, schauveau's ghost, journeyman HaHu
Orc:2 2 transporters, grenoire's ghost, journeyman HOBe


Innate Abilities, Weirdness & Mutations

You have a pair of small antennae on your head.
You have a moderately thin skeletal structure. (Dex +4, Stealth+)
A demonic guardian rushes to your aid.
You may emit foul miasma when damaged in melee.
You are immune to rotting.
You have sharp toenails.
Your flesh is cold resistant. (rC+)
Your body sometimes deteriorates upon taking damage.
You are resistant to hostile enchantments. (MR+)


Message History

* * * LOW HITPOINT WARNING * * *
The grasping roots constrict you!
Unknown command.
As you read the scroll of fear, it crumbles to dust.
You assume a fearsome visage.
The hornet easily resists.
The shambling mangrove is unaffected.
The hornet looks frightened!
Your ice devil is unaffected.
You block the hornet's attack.
The hornet is engulfed in dark miasma.
The hornet is poisoned.
The hornet barely misses your ice devil.
Your ice devil hits the hornet.
Your ice devil freezes the hornet!
Your ice devil's attack snaps the hornet out of its fear.
The hornet stings you but does no damage.
The hornet is engulfed in dark miasma.
The hornet looks even sicker.
The hornet seems to slow down.
The hornet closely misses you. The shambling mangrove hits you!!
* * * LOW HITPOINT WARNING * * *
Your body deteriorates!
You feel weakened.
The shambling mangrove looks sick.
You emit a cloud of foul miasma!
You die...

..≈≈≈≈≈≈≈≈≈≈≈ #
#..≈≈.≈≈≈≈.≈§
.?#..≈≈......≈.
.......≈♣.......♣
.....≈≈.≈.$.≈≈≈.♣.
#...≈≈≈4..≈≈≈≈..≈ .
♣.≈≈y.♣♣.≈≈≈≈..
..♣♣♣.@f≈.....≈≈..
...≈.≈≈y.≈≈..≈.....
..≈...≈≈..≈≈≈♣≈....
≈.≈........≈≈.≈♣
♣♣♣♣≈≈..♣♣..≈≈≈♣
♣.§♣≈≈♣≈≈..≈≈♣
..≈.≈≈≈≈≈........♣
≈.♣.≈≈≈≈♣≈)♣≈.?≈≈♣
≈≈≈.≈≈.♣♣≈≈....≈≈≈


You could see a shambling mangrove, 2 hornets and a friendly ice devil.

Vanquished Creatures
  Frances (Swamp:2)
  A thorn hunter (Swamp:1)
  A very ugly thing (Swamp:2)
  Nessos (D:14)
  A minotaur (Gauntlet)
  An ettin (Orc:2)
  A fire dragon (D:15)
  A shambling mangrove (Swamp:2)
  3 vault guards (D:14)
  An ice dragon (D:15)
  8 hydras
  Erolcha (D:13)
  A ghost crab (Gauntlet)
  5 alligators
  4 centaur warriors
  A merfolk avatar (Lair:6)
  4 unseen horrors
  5 swamp dragons
  A wizard (D:14)
  3 orc knights
  A wolf spider zombie (D:14)
  A lindwurm (Lair:2)
  2 deep elf magi
  6 ugly things
  A cyclops (D:14)
  4 orc sorcerers
  A black mamba (Lair:3)
  3 centaur skeletons
  A gargoyle (D:13)
  6 spiny frogs
  5 rime drakes
  A kobold demonologist (D:15)
  A freezing wraith (D:13)
  6 komodo dragons
  5 trolls
  7 hornets
  2 wind drakes (Lair:6)
  7 tyrant leeches
  3 blink frogs (Lair:5)
  6 slime creatures
  2 bog bodies (Swamp:2)
  3 polar bears
  11 hippogriffs
  3 dream sheep (Lair:6)
  3 spriggans (Swamp:2)
  3 flying skulls (Gauntlet)
  A shadow (D:12)
  26 yaks
  A ynoxinul (Gauntlet)
  A wraith (D:12)
  A wyvern (Lair:6)
  Grum (D:9)
  8 humans (D:14)
  4 basilisks
  A steam dragon (D:9)
  10 vampire mosquitoes
  Menkaure (D:6)
  A hungry ghost (D:13)
  4 wargs
  11 swamp worms
  5 insubstantial wisps (Swamp:2)
  3 acid dragons
  16 water moccasins
  10 porcupines
  3 soldier ants
  2 swamp drakes
  27 orc warriors
  Purgy (Sewer)
  2 phantoms
  4 sky beasts
  An eye of draining (D:13)
  A necrophage (D:10)
  13 centaurs
  13 wolves
  9 ogres
  17 crocodiles
  11 bullfrogs
  A big kobold (D:9)
  A scorpion (D:5)
  17 killer bees
  7 wights
  5 howler monkeys
  An electric eel (Lair:5)
  2 crimson imps
  A bullfrog zombie (D:11)
  3 centaur zombies
  6 jellies
  10 hounds
  30 orc wizards
  20 orc priests
  3 iron imps (Gauntlet)
  15 worker ants
  8 iguanas
  A killer bee zombie (D:10)
  A big kobold zombie (Ossuary)
  A hound skeleton (D:5)
  A mummy (Ossuary)
  5 gnolls
  11 adders
  3 river rats (D:3)
  5 shadow imps
  3 adder zombies
  3 adder skeletons
  2 dart slugs
  6 leopard geckos
  74 orcs
  4 bats
  6 giant cockroaches
  6 goblins
  4 hobgoblins
  3 jackals (D:1)
  2 quokkas
  6 ball pythons
  A ball python skeleton (D:4)
  7 frilled lizards
  2 goblin zombies (Ossuary)
  9 hobgoblin zombies (Ossuary)
  A jackal skeleton (D:5)
  8 kobolds
  11 kobold zombies (Ossuary)
  A leopard gecko zombie (D:7)
  5 orc zombies (Ossuary)
  5 rats
  A rat zombie (Ossuary)
  A demonic plant (Gauntlet)
677 creatures vanquished.

Vanquished Creatures (collateral kills)
  Jorgrun (Swamp:2)
  2 hydras
  2 alligators
  A tengu warrior (D:15)
  An orc high priest (Orc:2)
  A sea snake (Lair:6)
  An orc knight (Orc:2)
  A harpy (Lair:6)
  A cyclops (D:15)
  2 hornets
  A manticore (Lair:6)
  An orc sorcerer (Orc:2)
  2 elephants (Lair:6)
  2 black mambas
  A centaur zombie (D:15)
  A centaur skeleton (D:13)
  A torpor snail (Lair:2)
  2 spiny frogs
  A rime drake (Lair:6)
  3 komodo dragons
  A polar bear (Lair:6)
  A tyrant leech (Swamp:2)
  4 slime creatures
  A blink frog (Lair:5)
  A dream sheep (Lair:6)
  A hippogriff (Lair:2)
  A wraith (D:15)
  13 yaks
  2 vampire mosquitoes (Swamp:2)
  A swamp worm (Swamp:2)
  A water moccasin (Lair:6)
  A sky beast (D:9)
  An orc warrior (D:9)
  2 porcupines
  2 ogres
  A necrophage (D:8)
  3 centaurs (D:13)
  4 crocodiles
  An elf zombie (Ossuary)
  3 bullfrogs
  A human zombie (Ossuary)
  6 orc wizards
  An orc priest (Orc:2)
  A jelly (D:11)
  A big kobold zombie (Ossuary)
  2 hound skeletons
  A mummy (Ossuary)
  An adder (D:7)
  An adder zombie (Ossuary)
  12 orcs
  A giant cockroach zombie (D:5)
  A kobold zombie (Ossuary)
102 creatures vanquished.

Vanquished Creatures (others)
  An alligator (Swamp:2)
  A spriggan (Swamp:2)
  A vampire mosquito (D:14)
  A human (D:14)
  An insubstantial wisp (Swamp:2)
  2 ogres (D:15)
  An orc wizard (D:13)
  6 fungi
  12 plants
26 creatures vanquished.

Grand Total: 805 creatures vanquished

Notes
Turn   | Place    | Note
-------+----------+-------------------------------------------
     0 | D:1      | prestonbroadus the Demonspawn Monk began the quest for the
                  | Orb.
     0 | D:1      | Reached XP level 1. HP: 18/18 MP: 1/1
   501 | D:1      | Gained mutation: You have a somewhat thin skeletal
                  | structure. (Dex +2, Stealth) [demonic ancestry]
   501 | D:1      | Reached XP level 2. HP: 24/24 MP: 2/2
   732 | D:1      | Reached skill level 3 in Unarmed Combat
  1356 | D:3      | Reached XP level 3. HP: 29/29 MP: 3/3
  1466 | D:3      | Reached skill level 1 in Throwing
  1567 | D:3      | Gained mutation: You have sharp toenails. [potion of
                  | mutation]
  1567 | D:3      | Gained mutation: Your body sometimes deteriorates upon
                  | taking damage. [potion of mutation]
  1567 | D:3      | Gained mutation: Your flesh is cold resistant. (rC+)
                  | [potion of mutation]
  1567 | D:3      | Gained mutation: You are resistant to hostile enchantments.
                  | (MR+) [potion of mutation]
  1690 | D:3      | Found a glowing drain.
  1694 | Sewer    | Entered a sewer
  1724 | Sewer    | Gained mutation: You are immune to rotting. [demonic
                  | ancestry]
  1724 | Sewer    | Reached XP level 4. HP: 25/37 MP: 4/4
  1926 | Sewer    | Noticed Purgy
  1943 | Sewer    | Killed Purgy
  1943 | Sewer    | Gained mutation: A weak demonic guardian rushes to your
                  | aid. [demonic ancestry]
  1943 | Sewer    | Reached XP level 5. HP: 42/42 MP: 5/5
  2280 | D:3      | Noticed Grinder
  2349 | D:4      | Got a faintly glowing robe
  2355 | D:4      | Found a sacrificial altar of Ru.
  2403 | D:4      | Reached skill level 4 in Unarmed Combat
  2690 | D:4      | Reached XP level 6. HP: 41/49 MP: 6/6
  3263 | D:3      | Reached skill level 5 in Unarmed Combat
  3561 | D:2      | Gained mutation: You may emit foul miasma when damaged in
                  | melee. [demonic ancestry]
  3561 | D:2      | Reached XP level 7. HP: 55/55 MP: 7/7
  4285 | D:3      | Found a sparkling altar of Nemelex Xobeh.
  4456 | D:5      | Entered Level 5 of the Dungeon
  5157 | D:5      | Reached skill level 6 in Unarmed Combat
  5440 | D:5      | Identified Sif Muna's Guide on the Traveller
  5518 | D:5      | Found a sacrificial altar of Ru.
  5694 | D:6      | Noticed Menkaure
  6110 | D:4      | Reached skill level 1 in Evocations
  6110 | D:4      | Gained mutation: You have a pair of small antennae on your
                  | head. [demonic ancestry]
  6110 | D:4      | Reached XP level 8. HP: 43/61 MP: 7/9
  6530 | D:6      | Found Dunohila's Distillery.
  6533 | D:6      | Bought a potion of curing for 42 gold pieces
  6533 | D:6      | Bought a potion of lignification for 42 gold pieces
  6533 | D:6      | Bought a potion of haste for 140 gold pieces
  6590 | D:6      | Killed Menkaure
  6590 | D:6      | Reached skill level 5 in Throwing
  6694 | D:6      | Found a shadowy altar of Dithmenos.
  6775 | D:6      | Found a deep blue altar of Sif Muna.
  7425 | D:7      | Got a faintly glowing hand crossbow
  7452 | D:7      | Found a blossoming altar of Fedhas.
  7602 | D:7      | Found a staircase to the Ecumenical Temple.
  7617 | Temple   | Entered the Ecumenical Temple
  7643 | Temple   | Became a worshipper of Warmaster Okawaru
  7643 | Temple   | Reached * piety under Okawaru
  7643 | Temple   | Reached ** piety under Okawaru
  7801 | D:7      | Identified the +6 hand crossbow of Dukkeef {velocity, rN+
                  | Stlth+} (You found it on level 7 of the Dungeon)
  8000 | D:8      | Reached skill level 7 in Unarmed Combat
  8001 | D:8      | Found a sand-covered staircase.
  8042 | Ossuary  | Entered an ossuary
  8665 | Ossuary  | Identified the +1 robe of Leaves {-Cast rPois rF+} (You
                  | found it on level 4 of the Dungeon)
  8671 | D:8      | Reached XP level 9. HP: 54/66 MP: 12/12
  8934 | D:8      | Reached skill level 1 in Invocations
  9192 | D:8      | Found a glowing golden altar of the Shining One.
  9192 | D:8      | Found a white marble altar of Elyvilon.
  9220 | D:8      | Found a staircase to the Lair.
  9507 | D:8      | Reached *** piety under Okawaru
  9575 | D:8      | Reached skill level 5 in Dodging
  9681 | D:8      | Reached skill level 8 in Unarmed Combat
 10003 | D:9      | Noticed Grum
 10074 | D:9      | HP: 1/66 [orc warrior/cursed +0 dire flail (23)]
 10909 | D:9      | Reached skill level 5 in Invocations
 11000 | D:9      | Gained mutation: You have a moderately thin skeletal
                  | structure. (Dex +4, Stealth+) [demonic ancestry]
 11000 | D:9      | Reached XP level 10. HP: 60/73 MP: 13/13
 11017 | D:9      | Reached skill level 5 in Fighting
 11214 | D:9      | Received a gift from Okawaru
 11715 | D:9      | Killed Grum
 11874 | D:9      | Found an ancient bone altar of Kikubaaqudgha.
 12002 | D:9      | Reached **** piety under Okawaru
 12238 | D:10     | Entered Level 10 of the Dungeon
 12263 | D:10     | Reached skill level 9 in Unarmed Combat
 12378 | D:10     | Killed an unseen horror
 12758 | D:10     | Killed an unseen horror
 12758 | D:10     | Reached ***** piety under Okawaru
 12787 | D:10     | Received a gift from Okawaru
 13538 | D:10     | Found a runed translucent gate.
 13538 | D:10     | Found a runed translucent gate.
 13539 | D:10     | Found a runed translucent gate.
 13539 | D:10     | Noticed doot's ghost (novice TrTm)
 13687 | Lair:1   | Entered Level 1 of the Lair of Beasts
 13709 | Lair:1   | Reached skill level 10 in Unarmed Combat
 13801 | Lair:1   | Gained mutation: A demonic guardian rushes to your aid.
                  | [demonic ancestry]
 13801 | Lair:1   | Reached XP level 11. HP: 83/83 MP: 14/14
 13926 | Lair:1   | Received a gift from Okawaru
 14913 | Lair:2   | Got a steaming leather armour
 14946 | Lair:2   | Identified the +2 leather armour "Kaill" {MR+ Str+2} (You
                  | found it on level 2 of the Lair of Beasts)
 15008 | Lair:2   | Reached skill level 1 in Shields
 15296 | Lair:2   | Reached skill level 11 in Unarmed Combat
 15639 | Lair:2   | Found a staircase to the Snake Pit.
 15644 | Lair:2   | Learned a level 2 spell: Blink
 16148 | Lair:2   | Received a gift from Okawaru
 16223 | Lair:2   | Noticed a lindwurm
 16230 | Lair:2   | Killed a lindwurm
 16281 | Lair:2   | Noticed a five-headed hydra
 16290 | Lair:2   | Killed a five-headed hydra
 16418 | Lair:3   | Found a burning altar of Makhleb.
 16441 | Lair:3   | Reached XP level 12. HP: 92/92 MP: 13/15
 16492 | Lair:3   | Found a gate leading to a gauntlet.
 16502 | Gauntlet | Entered a Gauntlet
 16502 | Gauntlet | Found a transporter.
 16502 | Gauntlet | Found a transporter.
 16506 | Gauntlet | Found a transporter.
 16510 | Gauntlet | Found a transporter.
 16510 | Gauntlet | Found a transporter.
 16511 | Gauntlet | Found a transporter.
 16546 | Gauntlet | Found a transporter.
 16546 | Gauntlet | Found a transporter.
 16550 | Gauntlet | Found a runed translucent door.
 16550 | Gauntlet | Found a runed translucent door.
 16552 | Gauntlet | Found a runed translucent door.
 16559 | Gauntlet | Found a transporter.
 16569 | Gauntlet | Noticed a ghost crab
 16576 | Gauntlet | Found a transporter.
 16577 | Gauntlet | Noticed a dire elephant
 16594 | Gauntlet | Found a transporter.
 16598 | Gauntlet | Found a transporter.
 17062 | Gauntlet | Killed a ghost crab
 17072 | Gauntlet | Got a heavily runed wooden ring
 17074 | Gauntlet | Identified the ring "Sebrasch" {rF- rN+ Str+5 SInv} (You
                  | found it in a Gauntlet)
 17150 | Gauntlet | Noticed a minotaur
 17161 | Gauntlet | Killed a minotaur
 17161 | Gauntlet | Reached skill level 1 in Translocations
 17656 | Lair:3   | Noticed a seven-headed hydra
 17674 | Lair:3   | Killed a seven-headed hydra
 17674 | Lair:3   | Reached skill level 12 in Unarmed Combat
 17833 | Lair:3   | You fall through a shaft for 2 floors!
 18253 | Lair:4   | Noticed a four-headed hydra
 18259 | Lair:4   | Killed a four-headed hydra
 18405 | Lair:4   | Noticed a four-headed hydra
 18409 | Lair:4   | Killed a four-headed hydra
 18409 | Lair:4   | Received a gift from Okawaru
 18530 | Lair:4   | Found a staircase to the Swamp.
 18602 | Lair:4   | Received a gift from Okawaru
 18605 | Lair:4   | Got a pair of shimmering boots {god gift}
 18611 | Lair:4   | Identified the -4 pair of boots of Filth {+Inv rPois rC+
                  | Dex-5} (Okawaru gifted it to you on level 4 of the Lair of
                  | Beasts)
 19612 | Lair:5   | Found a staircase to the Slime Pits.
 19612 | Lair:5   | Found a viscous altar of Jiyva.
 19834 | Lair:6   | Entered Level 6 of the Lair of Beasts
 20072 | Lair:6   | Found a runed translucent door.
 20072 | Lair:6   | Found a shimmering altar of Xom.
 20072 | Lair:6   | Noticed schauveau's ghost (journeyman HaHu)
 20072 | Lair:6   | Identified the +9 broad axe of Midsummer {chaos, rN+}
 20253 | Lair:6   | Reached skill level 1 in Spellcasting
 20322 | Lair:6   | Reached XP level 13. HP: 75/101 MP: 19/19
 20535 | Lair:6   | Identified the cursed +0 quarterstaff "Hawampel" {freeze,
                  | +Rage} (You found it on level 6 of the Lair of Beasts)
 20596 | Lair:6   | Received a gift from Okawaru
 20784 | Lair:6   | Reached skill level 13 in Unarmed Combat
 20878 | Lair:6   | Received a gift from Okawaru
 20915 | Lair:6   | Identified the ring "Ocoty" {rElec Int+2 Dex+6} (You found
                  | it on level 6 of the Lair of Beasts)
 21238 | D:11     | Reached ****** piety under Okawaru
 21288 | D:11     | Found a staircase to the Orcish Mines.
 21442 | Orc:1    | Entered Level 1 of the Orcish Mines
 21487 | Orc:1    | Found Wemaf's Distillery.
 21498 | Orc:1    | Bought a potion of curing for 42 gold pieces
 21498 | Orc:1    | Bought a potion of curing for 42 gold pieces
 21498 | Orc:1    | Bought a potion of might for 56 gold pieces
 21498 | Orc:1    | Bought a potion of berserk rage for 70 gold pieces
 21498 | Orc:1    | Bought a potion of curing for 42 gold pieces
 21915 | Orc:2    | Entered Level 2 of the Orcish Mines
 21915 | Orc:2    | Found Ippeonk's Book Shop.
 22021 | Orc:2    | Bought a book of Changes for 275 gold pieces
 22023 | Orc:2    | Learned a level 1 spell: Apportation
 22028 | Orc:2    | Learned a level 4 spell: Ice Form
 22031 | Orc:2    | Learned a level 2 spell: Sticks to Snakes
 22037 | Orc:2    | Learned a level 5 spell: Blade Hands
 22099 | Orc:2    | Received a gift from Okawaru
 22119 | Orc:2    | Reached skill level 1 in Transmutations
 22193 | Orc:2    | Found a transporter.
 22209 | Orc:2    | Noticed grenoire's ghost (journeyman HOBe)
 22216 | Orc:2    | Found a transporter.
 22217 | Orc:2    | Noticed an ettin
 22220 | Orc:2    | Found a staircase to the Elven Halls.
 22256 | Orc:2    | Killed an ettin
 22455 | Orc:1    | Received a gift from Okawaru
 22898 | Orc:2    | Received a gift from Okawaru
 22922 | Orc:2    | Found Azeajeh's General Store.
 22922 | Orc:2    | Found Rof Ock's Distillery.
 22922 | Orc:2    | Found Xuces's Antique Weapon Boutique.
 22927 | Orc:2    | Found Ysum's Assorted Antiques.
 22956 | Orc:2    | Bought a runed lead wand for 124 gold pieces
 22956 | Orc:2    | Bought a pair of runed gloves for 232 gold pieces
 22978 | Orc:2    | Bought a potion of heal wounds for 85 gold pieces
 22980 | Orc:2    | Bought a scroll of acquirement for 780 gold pieces
 22985 | Orc:2    | Got a sparkling bronze ring
 22987 | Orc:2    | Identified the ring of the Ego {rPois Str+4 Dex+4 Stlth+}
                  | (You acquired it on level 2 of the Orcish Mines)
 22998 | Orc:2    | Bought 2 potions of might for 136 gold pieces
 23601 | D:11     | Noticed Karim's ghost (journeyman OgWz)
 23602 | D:11     | Found a transporter.
 23635 | D:11     | Found a transporter.
 23909 | D:12     | Reached skill level 5 in Transmutations
 24240 | D:12     | Found a stormy altar of Qazlal.
 24348 | D:12     | Found a portal to a secret trove of treasure.
 24803 | D:13     | Received a gift from Okawaru
 24809 | D:13     | Reached XP level 14. HP: 64/109 MP: 20/20
 25006 | D:13     | Noticed Erolcha
 25022 | D:13     | Killed Erolcha
 25551 | D:13     | Found a glowing golden altar of the Shining One.
 25752 | D:14     | Reached skill level 10 in Throwing
 26148 | D:14     | Received a gift from Okawaru
 26395 | D:14     | Found a gate to the Vaults.
 26570 | D:14     | Found an opulent altar of Gozag.
 26605 | D:14     | Got a slimy hat
 26616 | D:14     | Identified the +2 hat "Leonyrun" {+Blink} (You found it on
                  | level 14 of the Dungeon)
 26749 | D:14     | Noticed Nessos
 26768 | D:14     | Killed Nessos
 27214 | D:15     | Entered Level 15 of the Dungeon
 27353 | D:15     | Reached skill level 5 in Shields
 27814 | D:15     | Found a staircase to the Depths.
 27940 | D:15     | Got a scorched turquoise ring
 27942 | D:15     | Identified the ring "Yxkamics" {Ice Int+4} (You found it on
                  | level 15 of the Dungeon)
 27966 | D:15     | Found a transporter.
 27972 | D:15     | Noticed shugdite's ghost (adept MiMo)
 27998 | D:15     | Reached skill level 5 in Spellcasting
 28187 | D:15     | Reached skill level 1 in Armour
 28201 | D:15     | Received a gift from Okawaru
 28272 | D:15     | Found a transporter.
 28845 | Swamp:1  | Entered Level 1 of the Swamp
 29296 | Swamp:1  | Noticed a thorn hunter
 29307 | Swamp:1  | Killed a thorn hunter
 29310 | Swamp:1  | Reached XP level 15. HP: 102/115 MP: 20/22
 29867 | Swamp:2  | Received a gift from Okawaru
 29990 | Swamp:2  | Reached skill level 14 in Unarmed Combat
 30070 | Swamp:2  | Received a gift from Okawaru
 30292 | Swamp:2  | Noticed Frances
 30311 | Swamp:2  | Killed Frances
 30361 | Swamp:2  | Noticed Jorgrun
 30372 | Swamp:2  | Killed Jorgrun
 30643 | Swamp:2  | Received a gift from Okawaru
 30943 | Swamp:2  | Received a gift from Okawaru
 31269 | Swamp:3  | Slain by a shambling mangrove

Skill      XL: |  1  2  3  4  5  6  7  8  9 10 11 12 13 14 15 |
---------------+----------------------------------------------+-----
Stealth        | 2 |  2.1
Unarmed Combat | 3 4 5 6 7 8 10 11 12 13 14 | 14.1
Throwing       | 1 2 3 4 5 6 7 9 10 | 10.0
Fighting       | 4 6 8 9 |  9.6
Evocations     | 1 4 |  4.1
Dodging        | 4 5 7 |  7.9
Invocations    | 5 8 |  8.1
Shields        | 4 6 |  6.8
Translocations | 3 |  3.1
Spellcasting   | 1 2 5 |  5.0
Transmutations | 5 8 9 |  9.6
Armour         | 2 4 |  4.9

Action                   |  1- 3 |  4- 6 |  7- 9 | 10-12 | 13-15 || total
-------------------------+-------+-------+-------+-------+-------++-------
Melee: Unarmed           |   116 |   112 |   543 |   662 |  1476 ||  2909
       Kick              |     2 |    19 |   183 |   258 |   383 ||   845
       Punch             |       |     2 |    20 |    25 |       ||    47
Throw: Tomahawk          |     1 |     7 |     3 |    30 |    32 ||    73
       Javelin           |     2 |    15 |    27 |    37 |     3 ||    84
       Stone             |       |     4 |     5 |    17 |       ||    26
 Cast: Blink             |       |       |       |     3 |     2 ||     5
Invok: Heroism           |       |       |     3 |    14 |    18 ||    35
Evoke: Wand              |       |       |    17 |    21 |    50 ||    88
       Phantom mirror    |       |       |       |       |     1 ||     1
  Use: Scroll            |     3 |     1 |    12 |    11 |    12 ||    39
       Potion            |     2 |     1 |    10 |     6 |     5 ||    24
 Stab: Sleeping          |     6 |     2 |     7 |    11 |    21 ||    47
       Distracted        |       |       |     5 |     4 |     5 ||    14
       Invisible         |       |       |     1 |     3 |       ||     4
  Eat: Chunk             |     3 |     6 |    16 |    20 |    32 ||    77
       Ration            |       |       |     2 |     3 |     1 ||     6
Armor: Ring mail         |    14 |    22 |    66 |       |       ||   102
       Robe              |     2 |       |    16 |    10 |       ||    28
       Skin              |     3 |    34 |     1 |       |       ||    38
       Leather armour    |       |       |       |    44 |    87 ||   131
       Acid dragon scale |       |       |       |       |   118 ||   118
Dodge: Dodged            |    60 |    70 |   316 |   417 |   949 ||  1812
Block: Buckler           |       |       |       |    50 |   392 ||   442
       Shield            |       |       |       |       |    10 ||    10
